 Dungeon Crawl Stone Soup version 0.25-a0-668-gea548f19b6 (webtiles) character file.

Game seed: 18444481780119841742, levelgen mode: deterministic

11 Alarkh the Skirmisher (level 2, 24/24 HPs)
             Began as a Demonspawn Fighter on Mar 28, 2020.
             Got out of the dungeon alive.
             The game lasted 00:00:18 (124 turns).

Alarkh the Skirmisher (Demonspawn Fighter)           Turns: 124, Time: 00:00:19

Health: 24/24      AC:  6    Str: 16    XL:     2   Next: 13%
Magic:  2/2        EV:  6    Int:  9    God:
Gold:   13         SH:  8    Dex: 12    Spells: 1/1 levels left

rFire    . . .     SeeInvis .   a - +0 long sword
rCold    . . .     Gourm    .   c - +0 kite shield
rNeg     . . .     Faith    .   b - +0 scale mail
rPois    .         Spirit   .   (no helmet)
rElec    .         Reflect  .   (no cloak)
rCorr    .         Harm     .   (no gloves)
MR       .....                  (no boots)
Stlth    ..........             (no amulet)
HPRegen  0.08/turn              (no ring)
MPRegen  0.08/turn              (no ring)

@: no status effects
A: sanguine armour 1
a: no special abilities


You escaped.
You were not hungry.

You visited 1 branch of the dungeon, and saw 1 of its levels.

You collected 13 gold pieces.

Inventory:

Hand Weapons
 a - a +0 long sword (weapon)
Armour
 b - a +0 scale mail (worn)
 c - a +0 kite shield (worn)
Scrolls
 e - a scroll of blinking {unknown}
 h - a scroll of magic mapping {unknown}
 i - a scroll of fear {unknown}
Potions
 d - a potion of might
Comestibles
 f - a ration
 g - 3 chunks of flesh


   Skills:
 - Level 3.0 Fighting
 + Level 2.6 Long Blades
 - Level 2.6 Armour
 - Level 2.6 Shields


You had one spell level left.
You didn't know any spells.
Your spell library was empty.

Dungeon Overview and Level Annotations

Branches:
Dungeon (1/15)

Altars:


Innate Abilities, Weirdness & Mutations

When seriously injured, your bleeding wounds create armour. (AC +0)


Message History

A goblin is nearby!
You enter the shallow water.
Moving in this stuff is going to be slow.
The goblin shouts!
You block the goblin's attack.
There is a staircase leading out of the dungeon here.
You hit the goblin.
The goblin is severely wounded.
You block the goblin's attack. The goblin barely misses you.
You riposte.
You barely miss the goblin.
The goblin is severely wounded.
You closely miss the goblin.
The goblin is severely wounded.
The goblin barely misses you.
You slash the goblin!
You kill the goblin!
You hear a splash.
No target in view!
Are you sure you want to leave the Dungeon?
This will make you lose the game!
You have escaped!

#. #### ##### ## #.
...####### #.÷.##≈### #.
#..#.#.###.###.≈≈.####
#.######..#.....≈.....≈≈...#
.).#.#....##.≈≈≈≈..≈.≈≈≈≈..#
.).†.##......≈≈≈≈.≈...≈≈≈≈≈.
###...#..≈≈..≈≈≈.≈≈≈≈..≈≈..#
###(##.≈≈≈≈≈≈..)≈≈≈≈....##
###(##.≈≈÷≈≈.@..≈≈≈≈..##
#.##((.≈≈≈≈≈.≈≈≈≈≈≈≈.##
##..#..≈≈≈≈≈≈.≈≈≈≈≈≈..#
###......≈≈.≈≈≈≈≈..###
######...≈≈.≈≈≈.≈....
#.....#.≈##........≈.
#.)##.....#######....
##.######## #### ###


There were no monsters in sight!

Vanquished Creatures
  4 goblins (D:1)
  A hobgoblin (D:1)
  A kobold (D:1)
  2 bats (D:1)
  2 rats (D:1)
10 creatures vanquished.

Notes
Turn   | Place    | Note
-------+----------+-------------------------------------------
     0 | D:1      | Alarkh the Demonspawn Fighter began the quest for the Orb.
     0 | D:1      | Reached XP level 1. HP: 18/18 MP: 1/1
   102 | D:1      | Gained mutation: When seriously injured, your bleeding
                  | wounds create armour. (AC +0) [demonic ancestry]
   102 | D:1      | Reached XP level 2. HP: 22/24 MP: 2/2
   124 | D:$      | Got out of the dungeon alive.

Levels and vault maps discovered:
D:1:      dpeg_arrival_subterranean_lakeside_camping, layout_loops_ring

Skill      XL: |  1 |
---------------+----+-----
Long Blades    | 2 |  2.6
Fighting       | |  3.0
Armour         | |  2.6
Shields        | |  2.6

Action                   || total
-------------------------++-------
Melee: Long sword        ||    37
Armor: Scale mail        ||    24
Dodge: Dodged            ||    12
Block: Kite shield       ||    26
       Rpst.: Long sword ||     3

Table legend:
 A = Non-vault XP
 B = Vault XP
 C = Vault XP percentage of total XP
 D = Non-vault monster count
 E = Vault monster count
 F = Vault count percentage of total count
                 A         B        C        D         E       F
            +---------+---------+-------+---------+---------+-------
      Total |       7 |       9 |  56.2 |       4 |       6 |  60.0
            +---------+---------+-------+---------+---------+-------
        D:1 |       7 |       9 |  56.2 |       4 |       6 |  60.0
            +---------+---------+-------+---------+---------+-------
